 Dungeon Crawl Stone Soup version 0.27.1-4-g1640c2035a (webtiles) character file.

Game seed: 1350126236179041099

5159 pkoi the Martial Artist (level 10, -10/82 HPs)
             Began as a Purple Draconian Monk on Nov 15, 2021.
             Was a High Priest of Ru.
             Killed from afar by a steam dragon (20 damage)
             ... with a ball of steam
             ... on level 8 of the Dungeon.
             The game lasted 00:19:08 (9468 turns).

pkoi the Martial Artist (Purple Draconian Monk)     Turns: 9468, Time: 00:19:09

Health: -10/82     AC:  2    Str: 14    XL:     10   Next: 33%
Magic:  15/17      EV: 22    Int: 15    God:    Ru [*****.]
Gold:   1849       SH:  0    Dex: 19    Spells: 14/18 levels left

rFire    . . .     SeeInvis .     - Unarmed
rCold    + + .     Faith    .   (shield currently unavailable)
rNeg     . . .     Spirit   .   (armour unavailable)
rPois    x         Reflect  .   (helmet currently unavailable)
rElec    .         Harm     .   (cloak currently unavailable)
rCorr    +         Rampage  .   (gloves currently unavailable)
Will     ++...                  (boots currently unavailable)
Stlth    ++........             (no amulet)
HPRegen  0.23/turn              j - ring of Jaruw {Drain rC++ Will+ rCorr Int+2}
MPRegen  0.15/turn              (no ring)

@: spider-form
A: venomous fangs, (breathe power), AC +7, tiny, unfitting armour,
(cold-blooded), inability to use devices, hated by all, unskilled 1
a: End Transformation, Renounce Religion, Draw Out Power, Power Leap, Apocalypse


You were on level 8 of the Dungeon.
You worshipped Ru.
Ru was extremely pleased with you.
You were a venomous arachnid creature.
You visited 2 branches of the dungeon, and saw 9 of its levels.
You also visited: Ossuary.

You collected 1849 gold pieces.

Inventory:

Hand Weapons
 p - the +7 hand axe of Infinite Pain {drain, rC- rCorr Dex+5}
   (You found it on level 4 of the Dungeon)

   A truly terrible weapon, it drains the life of any living foe it strikes.
   Dex:       It affects your dexterity (+5).
   rC:        It makes you vulnerable to cold.
   rCorr:     It protects you from acid and corrosion.
Missiles
 h - 3 throwing nets
 k - 2 boomerangs
 s - 41 poisoned darts (quivered)
Armour
 b - a +2 pair of gloves of archery (melded)
 f - a +1 cloak (melded)
 m - a +2 pair of boots of rampaging (melded)
Jewellery
 j - the ring of Jaruw (left front leg) {Drain rC++ Will+ rCorr Int+2}
   (You acquired it on level 4 of the Dungeon)

   [ring of willpower]

   Int:       It affects your intelligence (+2).
   rC:        It greatly protects you from cold.
   rCorr:     It protects you from acid and corrosion.
   Drain:     It drains your maximum health when unequipped.
   Will:      It increases your willpower.
 n - the brooch of Shielding {Spirit SH+8}
   (You found it on level 5 of the Dungeon)

   [amulet of guardian spirit]

   It causes incoming damage to be divided between your reserves of health and
   magic.
   SH:        It affects your SH (+8).
Scrolls
 e - a scroll of identify
 u - 3 scrolls of teleportation
 w - a scroll of fog
Potions
 c - 5 potions of magic
 d - 5 potions of heal wounds {unknown}
 g - 8 potions of curing {unknown}
 i - a potion of berserk rage
 l - 2 potions of attraction
 o - 3 potions of might
 q - a potion of mutation
 r - a potion of resistance
 z - a potion of invisibility
 A - 3 potions of haste


   Skills:
 + Level 5.6 Fighting
 + Level 4.6 Dodging
 - Level 1.5 Stealth
 * Level 8.8 Unarmed Combat
 - Level 4.5 Spellcasting
 * Level 7.1 Transmutations
 - Level 3.6 Poison Magic


You had 14 spell levels left.
You knew the following spells:

 Your Spells              Type           Power      Damage    Failure   Level
a - Beastly Appendage     Tmut           48%        N/A       4%          1
b - Spider Form           Tmut/Pois      9%         N/A       16%         3

Your spell library contained the following spells:

 Spells                   Type           Power      Damage    Failure   Level
 Wereblood                Tmut           24%        N/A       6%          2


Dungeon Overview and Level Annotations

Branches:
Dungeon (8/15)             Temple (1/1) D:4         Ossuary (visited)
   Lair: D:8-11

Altars:
Ashenzari
Cheibriados
Dithmenos
Elyvilon
Fedhas
Gozag
Hepliaklqana
Kikubaaqudgha
Makhleb
Nemelex Xobeh
Okawaru
Qazlal
Ru
Sif Muna
Trog
Uskayaw
Vehumet
Wu Jian
Xom
Yredelemnul
Zin
The Shining One
Beogh

Shops:
D:5 *:

Annotations:
D:5 3 runed translucent doors, Pasta's ghost, amateur TrMo
D:7 2 transporters, Tinkle's ghost, novice MiBe
D:8 2 transporters, GlazedDonut's ghost, novice GrFi


Innate Abilities, Weirdness & Mutations

You are a venomous arachnid creature.
You have poisonous fangs.
You are tiny and dextrous.
Your spellcasting is less reliable in this form.
Your armour is entirely melded.
You are incapable of wielding weapons or throwing items.
((You can breathe bolts of dispelling energy.))
((Your rich purple scales are hard. (AC +7)))
You cannot fit into any form of body armour.
((You are cold-blooded and may be slowed by cold attacks.))
You cannot study or use magical devices.
You are hated by all.
You are somewhat unskilled. (-1 Apt)


Message History

The ball of steam hits the steam dragon.
The steam dragon resists.
The wyvern bites you! The wyvern closely misses you.
The steam dragon begins to attack, but is stunned by your conviction!
The wyvern bites you!
* * * LOW HITPOINT WARNING * * *
The wyvern barely misses you. The wyvern bites you!
* * * LOW HITPOINT WARNING * * *
You focus your inner power and slow the wyvern in retribution!
The wyvern is no longer moving slowly.
Casting: Beastly Appendage (safe; 1% risk of failure)
Confirm with . or Enter, or press ? or * to list all spells.
You turn into a venomous arachnid creature.
Your +1 cloak melds into your body.
Your +2 pair of gloves of archery melds into your body.
Your +2 pair of boots of rampaging melds into your body.
Your aim is not that steady anymore.
You no longer feel able to rampage towards enemies.
The wyvern closely misses you. x2
You hit the wyvern but do no damage. The wyvern barely misses you.
You hit the wyvern but do no damage.
The wyvern is poisoned.
The wyvern bites you but does no damage.
The steam dragon begins to attack, but is stunned by your conviction!
You bite the wyvern!
The wyvern looks as sick as possible!
The wyvern is heavily wounded.
The wyvern misses you. x2
You bite the wyvern!
The wyvern looks as sick as possible!
The wyvern is severely wounded.
The wyvern bites you!
* * * LOW HITPOINT WARNING * * *
Unknown command.
The wyvern completely misses you.
You kill the wyvern!
The steam dragon begins to attack, but is stunned by your conviction!
You see here a +0 battleaxe.
The steam dragon breathes steam at you. The ball of steam hits you!!
You die...

###.#,* ##...##
....#.* ##.....##
......#
##.....!.##
##.####
#.........# ##+###
##.......## .....#
##.....## .....###
##.<).# ##'##)[#
##(#.# ..#..#.#
#.#s#
#+#..#.#######.#§#
..#..#.........#§#
..+..+.#########.#
..#..#.# #.#
#'#..#.# #D#
..#..#.# #.#
##'##'.# #.#
.....### #.#


There were no monsters in sight!

Vanquished Creatures
  Harold (D:8)
  A wraith (D:7)
  5 wyverns
  Edmund (D:6)
  An orc warrior (D:6)
  A black bear (D:2)
  3 sky beasts
  3 ogres
  3 hornet zombies
  2 phantoms (D:7)
  An elf zombie (D:8)
  A scorpion (D:7)
  4 bullfrogs
  An elf skeleton (D:8)
  2 water moccasin zombies
  2 wyvern skeletons
  2 water moccasin skeletons
  A killer bee (D:8)
  6 wights
  4 centaur zombies
  3 hounds
  2 bullfrog skeletons
  3 jellies
  4 orc priests
  A gnoll shaman (D:6)
  2 iguanas
  4 human skeletons (D:8)
  8 orc wizards
  2 killer bee zombies
  4 hound skeletons (D:4)
  8 mummies (Ossuary)
  6 gnolls
  5 adders
  A shadow imp (D:7)
  6 white imps
  A worm (D:3)
  18 orcs
  5 endoplasms
  5 giant cockroaches
  10 goblins (D:4)
  13 hobgoblins
  7 jackals
  A quokka (D:2)
  14 ball pythons
  8 bats
  3 frilled lizards
  A gnoll zombie (Ossuary)
  A hobgoblin zombie (Ossuary)
  13 kobolds
  2 kobold zombies (Ossuary)
  4 orc zombies (Ossuary)
  6 rats
216 creatures vanquished.

Vanquished Creatures (others)
  A scorpion (D:6)
  5 fungi (D:2)
  8 plants
14 creatures vanquished.

Grand Total: 230 creatures vanquished

Notes
Turn   | Place    | Note
-------+----------+-------------------------------------------
     0 | D:1      | pkoi the Draconian Monk began the quest for the Orb.
     0 | D:1      | Reached XP level 1. HP: 19/19 MP: 1/1
   208 | D:1      | Reached XP level 2. HP: 25/26 MP: 2/2
   390 | D:1      | Reached skill level 4 in Unarmed Combat
   715 | D:2      | Reached XP level 3. HP: 12/31 MP: 3/3
  1377 | D:2      | Found a faded altar of an unknown god.
  1421 | D:2      | Noticed a black bear
  1457 | D:2      | Reached XP level 4. HP: 14/38 MP: 4/4
  1839 | D:3      | Reached skill level 5 in Unarmed Combat
  2040 | D:3      | Learned a level 1 spell: Beastly Appendage
  2445 | D:3      | Found a shimmering altar of Xom.
  2446 | D:3      | Found an ancient bone altar of Kikubaaqudgha.
  2449 | D:3      | Reached skill level 1 in Transmutations
  2449 | D:3      | Found a sacrificial altar of Ru.
  2460 | D:3      | Found a hide-covered altar of Uskayaw.
  2465 | D:3      | Became a worshipper of Ru the Awakened
  2468 | D:3      | Gained mutation: You are hated by all. [Ru sacrifice]
  2468 | D:3      | Reached * piety under Ru
  2468 | D:3      | Reached ** piety under Ru
  2680 | D:4      | Reached skill level 1 in Spellcasting
  2680 | D:4      | Reached XP level 5. HP: 39/45 MP: 6/6
  2744 | D:4      | Found a broken altar of Ashenzari.
  2751 | D:4      | Identified 3 scrolls of acquirement
  2751 | D:4      | Acquired the ring of Jaruw {Drain rC++ Will+ rCorr Int+2}
  2754 | D:4      | Acquired 1126 gold pieces
  2808 | D:4      | Acquired a +2 pair of gloves of archery
  3016 | D:2      | Killed a black bear
  3017 | D:2      | Reached XP level 6. HP: 36/51 MP: 7/9
  3239 | D:2      | Learned a level 3 spell: Spider Form
  3519 | D:4      | Reached skill level 6 in Unarmed Combat
  3519 | D:4      | Reached skill level 1 in Poison Magic
  3752 | D:4      | Identified the +7 hand axe of Infinite Pain {drain, rC-
                  | rCorr Dex+5}
  4006 | D:4      | Your scales start taking on a rich purple colour.
  4006 | D:4      | Reached XP level 7. HP: 56/57 MP: 9/11
  4074 | D:4      | Found a staircase to the Ecumenical Temple.
  4080 | Temple   | Entered the Ecumenical Temple
  4405 | D:5      | Entered Level 5 of the Dungeon
  4515 | D:5      | Found a runed translucent gate.
  4515 | D:5      | Found a runed translucent gate.
  4515 | D:5      | Found a runed translucent gate.
  4521 | D:5      | Found Cempach's Assorted Antiques.
  4605 | D:5      | Reached skill level 1 in Evocations
  4694 | D:5      | Noticed Pasta's ghost (amateur TrMo)
  4694 | D:5      | Identified the +4 short sword of Terra Nullius {vorpal,
                  | Fly}
  4763 | D:5      | Found the brooch of Shielding {Spirit SH+8}
  5123 | D:5      | Reached XP level 8. HP: 62/63 MP: 14/14
  5124 | D:5      | Gained mutation: You cannot study or use magical devices.
                  | [Ru sacrifice]
  5124 | D:5      | Reached *** piety under Ru
  5147 | D:5      | Found Pukuzitiq's Book Emporium.
  5837 | D:6      | Reached skill level 7 in Unarmed Combat
  6303 | D:6      | Noticed Edmund
  6324 | D:6      | Killed Edmund
  6434 | D:6      | Reached skill level 5 in Transmutations
  6534 | D:6      | Reached skill level 5 in Spellcasting
  6611 | D:6      | Reached XP level 9. HP: 61/71 MP: 16/16
  7108 | D:7      | Noticed Tinkle's ghost (novice MiBe)
  7108 | D:7      | Found a transporter.
  7432 | D:7      | Reached skill level 8 in Unarmed Combat
  7472 | D:7      | Found the +15 Maxwell's patent armour {-Cast -Tele rElec
                  | Will+ rCorr}
  7513 | D:7      | Found a transporter.
  7657 | D:7      | Noticed a manticore
  7820 | D:7      | Reached skill level 5 in Fighting
  8173 | D:8      | Noticed Harold
  8195 | D:8      | Killed Harold
  8196 | D:8      | Reached skill level 9 in Unarmed Combat
  8196 | D:8      | Reached XP level 10. HP: 67/83 MP: 14/17
  8290 | D:8      | Found a transporter.
  8294 | D:8      | Noticed GlazedDonut's ghost (novice GrFi)
  8297 | D:8      | Found a transporter.
  8357 | D:8      | Found a sand-covered staircase.
  8364 | Ossuary  | Entered an ossuary
  8427 | Ossuary  | Gained mutation: You are somewhat unskilled. (-1 Apt) [Ru
                  | sacrifice]
  8427 | Ossuary  | Reduced skill Unarmed Combat to level 8
  8427 | Ossuary  | Reached **** piety under Ru
  8427 | Ossuary  | Reached ***** piety under Ru
  8733 | D:8      | Found a radiant altar of Vehumet.
  9410 | D:8      | Noticed a five-headed hydra
  9468 | D:8      | Killed from afar by a steam dragon

Illustrated notes

Levels and vault maps discovered:
D:1:      giann_forest_graveyard, layout_basic
D:2:      wander_river, layout_basic,
          dreamdust_ecumenical_altar_hidden_monk_grotto, minmay_tetromino_t4
D:3:      layout_rooms, minmay_overflow_temple_star_hex, saegor_snake_ambush
D:4:      corexii_shantytown, layout_cave_pools, ashenzari_altar_1,
          temple_doors_e, nrook_uturn, eino_small_chamber_without_monster
D:5:      layout_cave_pools, mainiacjoe_overflow_alcove_4, serial_shops,
          kennysheep_little_box, shop, biasface_ghost_orc_armoury
D:6:      layout_basic, uniq_edmund
D:7:      layout_cave_pools, gammafunk_ghost_arena, grunt_ministairs_7,
          minmay_starry_boxes
D:8:      minmay_four_partial_circles, layout_loops_ring,
          mainiacjoe_overflow_24_doors, nicolae_ossuary_entry_catacombs,
          gammafunk_ghost_arena, minivault_19, chequers_serial_rivers_room_b,
          uniq_harold
Temple:   eino_narrow_crystal_temple

Skill      XL: |  1  2  3  4  5  6  7  8  9 10 |
---------------+-------------------------------+-----
Unarmed Combat | 4 5 6 7 9 8 |  8.8
Transmutations | 1 2 3 5 7 7 |  7.1
Spellcasting   | 1 2 3 4 5 4 |  4.5
Poison Magic   | 1 2 3 4 3 |  3.6
Evocations     | 2 0 |  0.0
Dodging        | 3 4 |  4.6
Fighting       | 4 5 |  5.6
Stealth        | |  1.5

Action                   |  1- 3 |  4- 6 |  7- 9 | 10-12 || total
-------------------------+-------+-------+-------+-------++-------
Melee: Unarmed           |   137 |   190 |   303 |   151 ||   781
       Tailslap          |    15 |    27 |    52 |    24 ||   118
       Punch             |     3 |     5 |    11 |     6 ||    25
       Kick              |       |     1 |    28 |    22 ||    51
       Headbutt          |       |     1 |    19 |    15 ||    35
       Hand axe          |       |    26 |    49 |       ||    75
Throw: Dart              |       |       |    17 |       ||    17
 Cast: Beastly Appendage |       |     1 |     7 |     4 ||    12
       Spider Form       |       |       |     5 |     5 ||    10
Invok: Sacrifice Love    |       |     1 |       |       ||     1
       Sacrifice Artific |       |       |     1 |       ||     1
       Sacrifice Skill   |       |       |       |     1 ||     1
 Abil: Breathe Dispellin |       |       |     1 |       ||     1
  Use: Scroll            |       |     7 |     5 |    11 ||    23
 Stab: Sleeping          |     4 |    16 |     6 |     4 ||    30
       Distracted        |       |       |     5 |     1 ||     6
       Invisible         |       |       |     2 |       ||     2
Armor: Skin              |    56 |    77 |   106 |    36 ||   275
Dodge: Dodged            |   100 |   134 |   187 |    64 ||   485
